AoeStats
← aleix.car

Arabia

510314173Analyzed
1v1 RM · 1d ago on Sep 30, 2026· 43m 9s· 2 players
Game mode
Random Map
Map size
Tiny (2 player)
Population
200
Speed
Normal
Resources
Standard
Victory
Conquest
Starting age
Dark Age
Ending age
Imperial Age
RankedLock teamsTeams togetherTeam positionsShared explorationLock speedFull tech treeHidden civsTurbo modeCheats
Victory
Defeat
🇪🇸 Magyars · Spain
937
+16
🇨🇿 Celts · Czechia
929
-16
dave9014
5:40 Loom
10:47 Feudal Age
13:45 Double-Bit Axe
14:40 Horse Collar
21:48 Castle Age
20:53 Scale Mail Armor
22:08 Forging
22:57 Chain Mail Armor
26:42 Iron Casting
27:12 Heavy Plow
27:54 Bow Saw
28:16 Arson
29:08 Fletching
29:51 Bodkin Arrow
30:32 Pikeman
33:00 Elite Skirmisher
33:42 Padded Archer Armor
34:41 Leather Archer Armor
41:00 Imperial Age
43:21 Ring Archer Armor
42:47 Halberdier
aleix.car
10:33 Feudal Age
9:30 Loom
18:12 Castle Age
17:26 Double-Bit Axe
17:51 Horse Collar
21:18 Bloodlines
24:20 Wheelbarrow
23:31 Town Watch
23:16 Pikeman
25:28 Man-at-Arms
29:32 Corvinian Army
30:27 Thumb Ring
32:21 Scale Barding Armor
32:17 Padded Archer Armor
36:59 Imperial Age
36:07 Corvinian Army
36:17 Gold Mining
36:17 Stone Mining
37:42 Fletching
38:34 Gold Shaft Mining
40:33 Conscription
41:19 Parthian Tactics
42:05 Elite Magyar Huszar
Connection lost

Rejoining the realm…

Still unreachable

The connection could not be restored.

Session expired

The server has moved on; the page needs a fresh start.